 Dungeon Crawl Stone Soup version 0.22-a0-580-gd5db89c (webtiles) character file.

205 theanonym the Chopper (level 5, 0/42 HPs)
             Began as a Mummy Warper on July 3, 2018.
             Was an Initiate of Yredelemnul.
             Slain by an ogre
             ... wielding a +0 giant club
              (8 damage)
             ... on level 4 of the Dungeon.
             The game lasted 00:07:05 (5031 turns).

theanonym the Chopper (Mummy Warper)                Turns: 5031, Time: 00:07:06

Health: 0/42       AC:  2    Str: 16    XL:     5   Next: 53%
Magic:  9/9        EV: 12    Int: 12    God:    Yredelemnul [......]
Gold:   96         SH:  0    Dex: 18    Spells: 9/9 levels left

rFire    x . .     SeeInvis .   i - +0 hand axe (freeze)
rCold    + + .     Gourm    .   (no shield)
rNeg     + + +     Faith    .   (no armour)
rPois    ∞         Spirit   .   (no helmet)
rElec    .         Reflect  .   j - +1 cloak (curse)
rCorr    .         Harm     .   (no gloves)
MR       .....                  (no boots)
Stlth    +++.......             (no amulet)
HPRegen  0.14/turn              g - ring of Baceaxt {rC+ Dex+5 Stlth+}
MPRegen  0.11/turn              d - +2 ring of dexterity

@: no status effects
A: no food or potions, fire vulnerability, cold resistance 1, negative energy
resistance 3, torment resistance, unbreathing
a: Renounce Religion


Innate Abilities, Weirdness & Mutations

You do not eat or drink.
Your flesh is vulnerable to fire.
You are immune to poison.
Your flesh is cold resistant. (rC+)
You are immune to negative energy. (rN+++)
You are immune to unholy pain and torment.
You can survive without breathing.


   Skills:
 + Level 3.6 Fighting
 * Level 4.0 Axes
 - Level 0.7 Throwing
 - Level 0.7 Armour
 - Level 1.5 Dodging
 - Level 2.6 Spellcasting
   Level 2.4 Translocations


You had 9 spell levels left.
You didn't know any spells.
Your spell library contained the following spells:

 Spells                   Type           Power        Failure   Level  Hunger
 Apportation              Tloc           #.....       10%         1    N/A
 Teleport Other           Tloc           #.......     28%         3    N/A
 Summon Small Mammal      Summ           #...         26%         1    N/A
 Blink                    Tloc           N/A          14%         2    N/A
 Animate Skeleton         Necr           N/A          26%         1    N/A
 Confusing Touch          Hex            #.....       26%         1    N/A
 Passage of Golubria      Tloc           N/A          67%         4    N/A
 Shroud of Golubria       Chrm/Tloc      #.........   24%         2    N/A
 Gell's Gravitas          Tloc           #.........   28%         3    N/A
 Lesser Beckoning         Tloc           #.........   28%         3    N/A

Skill      XL: |  1  2  3  4  5 |
---------------+----------------+-----
Axes           | 2 3 4 |  4.0
Fighting       | 3 |  3.6
Throwing       | |  0.7
Armour         | |  0.7
Dodging        | |  1.5
Spellcasting   | |  2.6
Translocations | |  2.4

Action                   |  1- 3 |  4- 6 || total
-------------------------+-------+-------++-------
Melee: Hand axe          |   205 |   166 ||   371
  Use: Scroll            |     1 |     9 ||    10
 Stab: Sleeping          |       |     4 ||     4
Armor: Ring mail         |    94 |    54 ||   148
       Leather armour    |     1 |       ||     1
       Skin              |       |     2 ||     2
Dodge: Dodged            |   147 |   121 ||   268

Inventory:

Hand Weapons
 a - a +0 hand axe
 i - a +0 hand axe of freezing (weapon)
   (You took it off an orc on level 3 of the Dungeon)
Missiles
 e - 5 tomahawks of dispersal (quivered)
Armour
 c - a +0 ring mail
   (You found it on level 1 of the Dungeon)
 j - a cursed +1 cloak (worn)
   (You found it on level 1 of the Dungeon)
 l - a +0 scale mail
   (You found it on level 4 of the Dungeon)
Jewellery
 d - a +2 ring of dexterity (right hand)
   (You found it on level 3 of the Dungeon)
 g - the ring of Baceaxt (left hand) {rC+ Dex+5 Stlth+}
   (You found it on level 2 of the Dungeon)

   [ring of stealth]

   It affects your dexterity (+5).
   It protects you from cold.
   It makes you more stealthy.
 k - an uncursed ring of stealth
   (You found it on level 2 of the Dungeon)
Scrolls
 b - a scroll of immolation
 f - a scroll of fog
 h - a scroll of fear
 m - a scroll of amnesia
 n - 5 scrolls of remove curse
 r - 2 scrolls of identify
 y - 4 scrolls of magic mapping


You were on level 4 of the Dungeon.
You worshipped Yredelemnul.
Yredelemnul was noncommittal.
You were not hungry.

You visited 1 branch of the dungeon, and saw 4 of its levels.

You collected 96 gold pieces.

Dungeon Overview and Level Annotations

Branches:
Dungeon (4/15)
 Temple: D:4-7

Altars:
Hepliaklqana
Kikubaaqudgha
Yredelemnul

Annotations:
D:2 Menkaure
D:4 1 runed door, Eptagon's ghost, amateur OgFi

###.... ##......
##......#####
.##......##.[.# .
.........##.≈.# ..
#........#.≈.# #..
#..$..Z<#.≈.# #...
#.....O.#W≈.# #....
##.....@##+########..#
###...........>...##
##.........###...#
#..######## ##..#
#..## #..# ....##..#
#..# .........## #..#
#...............###
##.#
..................#
#.##


You could see an ogre and an adder skeleton.

Notes
Turn   | Place    | Note
-------+----------+-------------------------------------------
     0 | D:1      | theanonym the Mummy Warper began the quest for the Orb.
     0 | D:1      | Reached XP level 1. HP: 16/16 MP: 4/4
   390 | D:1      | Reached skill level 2 in Axes
   401 | D:1      | Reached XP level 2. HP: 21/22 MP: 5/5
   989 | D:2      | HP: 11/23 [adder (1)]
   991 | D:2      | HP: 4/23 [adder (4)]
   992 | D:2      | HP: 1/23 [adder (3)]
  1551 | D:2      | Reached XP level 3. HP: 27/28 MP: 7/7
  1654 | D:2      | HP: 13/28 [adder (3)]
  1662 | D:2      | HP: 10/28 [adder (3)]
  1904 | D:2      | HP: 13/28 [worm (7)]
  2090 | D:2      | HP: 7/28 [worm (10)]
  2390 | D:2      | HP: 9/28 [iguana (13)]
  2436 | D:2      | Found a faded altar of an unknown god.
  2440 | D:2      | HP: 5/28 [iguana (8)]
  2510 | D:2      | HP: 10/28 [giant cockroach (2)]
  2514 | D:1      | Reached skill level 3 in Axes
  2744 | D:2      | Found a transporter.
  2753 | D:2      | Found a transporter.
  2762 | D:2      | Found an ancient bone altar of Kikubaaqudgha.
  2785 | D:2      | Reached XP level 4. HP: 19/34 MP: 8/8
  2982 | D:2      | Found a basalt altar of Yredelemnul.
  2986 | D:2      | Noticed Menkaure
  3167 | D:2      | Reached skill level 3 in Fighting
  3176 | D:2      | HP: 17/35 [adder (4)]
  3677 | D:3      | HP: 17/35 [adder (3)]
  3934 | D:3      | Reached XP level 5. HP: 40/41 MP: 9/9
  4082 | D:2      | Became a worshipper of Yredelemnul the Dark
  4087 | D:2      | Got a heavily runed glass ring
  4252 | D:3      | Identified the ring of Baceaxt {rC+ Dex+5 Stlth+} (You found it on level 2 of the Dungeon)
  4357 | D:3      | Found a hazy altar of Hepliaklqana.
  4665 | D:4      | Noticed a phantom
  4870 | D:4      | Reached skill level 4 in Axes
  4959 | D:4      | Found a runed door.
  5016 | D:4      | Noticed Eptagon's ghost (amateur OgFi)
  5021 | D:4      | Noticed an ogre
  5028 | D:4      | HP: 8/42 [ogre/giant club (20)]
  5031 | D:4      | Slain by an ogre

Vanquished Creatures
  A crimson imp (D:3)
  11 adders
  An ooze (D:3)
  2 worms (D:2)
  A dart slug (D:1)
  3 leopard geckos
  An orc (D:3)
  2 ball pythons (D:3)
  5 giant cockroaches
  7 goblins
  8 hobgoblins
  2 quokkas
  8 bats
  2 frilled lizards
  3 kobolds
  9 rats
66 creatures vanquished.

Table legend:
 A = Turns spent in this place as a percentage of turns spent in the entire game.
 B = Non-inter-level travel turns spent in this place as a percentage of non-inter-level travel turns spent in the entire game.
 C = Inter-level travel turns spent in this place as a percentage of turns spent in this place.
 D = Turns resting spent in this place as a percentage of non-inter-level travel turns spent in this place.
 E = Turns spent auto-exploring this place as a percentage of non-inter-level travel turns spent in this place.
 F = Non-inter-level travel turns spent in this place divided by the number of levels of this place that you've seen.
                   A       B       C       D       E      F
               +-------+-------+-------+-------+-------+----------------------
         Total | 100.0 | 100.0 |   7.1 |  44.6 |  35.3 | 1168.0
       Dungeon | 100.0 | 100.0 |   7.1 |  44.6 |  35.3 | 1168.0
               +-------+-------+-------+-------+-------+----------------------
